 Dungeon Crawl Stone Soup version 0.30-a0-540-g0af01429fa (webtiles) character file.

Game seed: 182402009059849194

7 Squincus the Caller (level 1, -2/10 HPs)
             Began as a Deep Elf Summoner on Dec 25, 2022.
             Slain by a worm (7 damage)
             ... on level 2 of the Dungeon.
             The game lasted 00:08:33 (296 turns).

Squincus the Caller (Deep Elf Summoner)              Turns: 296, Time: 00:08:34

Health: -2/10      AC:  2    Str:  5    XL:     1   Next: 83%
Magic:  5/6        EV: 12    Int: 19    God:
Gold:   39         SH:  0    Dex: 15    Spells: 5/6 levels left

rFire   . . .      SeeInvis .    k - +0 falchion
rCold   . . .      Faith    .    (no shield)
rNeg    . . .      Spirit   .    a - +0 robe
rPois   .          Reflect  .    (no helmet)
rElec   .          Harm     .    (no cloak)
rCorr   .          Rampage  .    (no gloves)
Will    .....                    (no boots)
Stlth   ++                       (no amulet)
HPRegen 0.21/turn                (no ring)
MPRegen 0.10/turn                (no ring)

@: no status effects
A: no striking features
a: no special abilities


You were on level 2 of the Dungeon.
You visited 1 branch of the dungeon, and saw 2 of its levels.

You collected 39 gold pieces.

Inventory:

Hand Weapons
 d - a +0 spear
 j - a +0 club
 k - a +0 falchion (weapon)
Armour
 a - a +0 robe (worn)
 g - a +0 ring mail
 h - a +0 leather armour
Scrolls
 c - a scroll of blinking {unknown}
 f - a scroll of identify {unknown}
Potions
 b - a potion of magic
 e - a potion of heal wounds {unknown}
 i - a potion of curing {unknown}


   Skills:
 + Level 2.6 Dodging
 + Level 2.4 Stealth
 + Level 3.1 Spellcasting
 + Level 4.6 Summonings


You had 5 spell levels left.
You knew the following spells:

 Your Spells              Type           Power      Damage    Failure   Level
a - Summon Small Mammal   Summ           80%        N/A       2%          1

Your spell library contained the following spells:

 Spells                   Type           Power      Damage    Failure   Level
 Call Imp                 Summ           20%        N/A       3%          2
 Call Canine Familiar     Summ           20%        N/A       7%          3
 Summon Guardian Golem    Hex/Summ       11%        N/A       17%         3
 Summon Lightning Spire   Summ/Air       11%        N/A       50%         4


Dungeon Overview and Level Annotations

Branches:
Dungeon (2/15)

Altars:


Message History

The kobold throws a stone.
The stone closely misses your quokka. The stone barely misses you.
The kobold throws a stone.
The stone misses your bat. The stone closely misses you.
Your quokka barely misses the kobold.
Your bat misses the kobold.
Your bat hits the kobold but does no damage.
Your quokka barely misses the kobold.
You hit the kobold but do no damage.
Your bat hits the kobold but does no damage.
Your quokka closely misses the kobold.
The kobold hits you with a +0 dagger. The kobold attacks as you move away!
The kobold hits you with a +0 dagger.
Your bat closely misses the kobold.
Your quokka barely misses the kobold.
Found a falchion.
You hit the kobold.
You kill the kobold!
A worm comes into view.
You see here a +0 falchion.
k - a +0 falchion
k - a +0 falchion (weapon)
Okay, then.
Your bat hits the worm. The worm barely misses your bat.
Your bat completely misses the worm.
A worm comes into view.
Your bat hits the worm but does no damage.
Your bat hits the worm.
You swap places.
You barely miss the worm.
The worm is lightly wounded.
Your quokka bites the worm.
The worm bites you.
Your quokka barely misses the worm.
You slash the worm!
The worm is severely wounded.
The worm bites you.
You hit the worm.
The worm is almost dead.
Your bat hits the worm but does no damage.
Your quokka bites the worm.
Your quokka barely misses the worm.
The worm bites you!
Ouch! That really hurt!
You die...

#.#.# #...#
#.#.######...#
#......†.....#
###.######..####
#....).......#
#.....####.###.#
#.###.# #....b#
... #.# ####..#
### #.# #.@# ..#
#rw# #.. #..#
### #..# #.w#
#..# #..# #..#


You could see 2 worms, a friendly quokka (summoned) and a friendly bat
(summoned).

Vanquished Creatures
  A giant cockroach (D:2)
  A hobgoblin (D:1)
  A bat (D:1)
  A kobold (D:2)
  A rat (D:1)
5 creatures vanquished.

Vanquished Creatures (collateral kills)
  2 goblins
2 creatures vanquished.

Grand Total: 7 creatures vanquished

Notes
Turn   | Place    | Note
-------+----------+-------------------------------------------
     0 | D:1      | Squincus the Deep Elf Summoner began the quest for the Orb.
     0 | D:1      | Reached XP level 1. HP: 10/10 MP: 6/6
   253 | D:2      | Eggs
   296 | D:2      | Slain by a worm

Illustrated notes

...#.......#.#.#.#
#....###..#.....#
...##. #..###...#
.. . ...# #...# #
## ....# #...#
#.#### #...# #.
#...#
#.#.######...#
#....Br@.....#
###.######..##
....... ###.###.#
#.. # ###


Turn 253 on D:2: Eggs

Levels and vault maps discovered:
D:1:      nzn_arrival_settlement, layout_basic
D:2:      layout_loops_ring

Action                   || total
-------------------------++-------
Melee: Spear             ||    10
       Falchion          ||     3
 Cast: Summon Small Mamm ||     9
 Stab: Sleeping          ||     1
Armor: Robe              ||     5
Dodge: Dodged            ||     8

Table legend: (Time is in decaauts)
 A = Elapsed time spent in this place.
 B = Non-inter-level travel time spent in this place.
 C = Inter-level travel time spent in this place.
 D = Time resting spent in this place.
 E = Time spent auto-exploring this place.
 F = Levels seen in this place.
 G = Mean time per level.
                   A        B        C        D        E       F      G
               +--------+--------+--------+--------+--------+-----+--------+
         Total |    296 |    131 |    165 |      0 |      0 |   2 |  148.0 |
       Dungeon |    296 |    131 |    165 |      0 |      0 |   2 |  148.0 |
               +--------+--------+--------+--------+--------+-----+--------+

Top non-repeatable levels by time:
     D:1: 217 daAuts
     D:2: 79 daAuts
